[Event "*** Titled Tuesday Blitz"]
[Site "Chess.com"]
[Date "2021.03.30"]
[Round "5"]
[White "Fandorine"]
[Black "Keranke"]
[Result "1-0"]
[WhiteElo "2887"]
[BlackElo "2797"]
[TimeControl "180+1"]
[EndTime "10:56:48 PDT"]
[Termination "Fandorine won on time"]

1. Nf3 g6 2. d4 Bg7 3. e4 d6 4. c3 Nc6 5. h3 e5 6. dxe5 Nxe5 7.
Nxe5 Bxe5 8. Nd2 Bg7 9. Nf3 Nf6 10. Bd3 O-O 11. O-O d5 12. exd5 Nxd5 13. Bg5 Qd6 14. Re1 Be6 15. Be4 Qc5 16. Qc1 Qb6 17. Bh6 Nf6 18. Bxg7 Kxg7 19. Bc2 Rad8 20. Nd4 Bc8 21. a4 a6 22. a5 Qc5 23. Qf4 Rfe8 24. Bb3 h6 25. Kh1 g5 26. Qf3 Re5 27. Qg3 Rde8 28. Rxe5 Qxe5 29. Qd3 c5 30. Nf3 Qe2 31. Qc4 Qxc4 32.
Bxc4 Ne4 33. Kg1 Nd6 34. Bf1 Be6 35. Nd2 Rd8 36. Nf3 Nc4 37. b4 cxb4 38. cxb4 Nd2 39. Be2 Ne4 40. Rc1 Bd5 41. Nd4 Rd7 42. Bg4 Rd8 43.
Nf5+ Kh7 44. Ne3 Bc6 45. Rxc6 bxc6 46. Bf5+ Kg8 47. Bxe4 Rd4 48. Bxc6 Rxb4 49. Nd5 Rb1+ 50.
Kh2 Ra1 51. Nf6+ Kh8 52. Bd5 Rxa5 53. Bf3 Kg7 54. Nh5+ Kf8 55. g4 Ra1 56. Kg2 a5 57. Nf6 a4 58. Nd7+ Ke7 59. Nc5 a3 60. Bd5 1-0

[Event "*** Titled Tuesday Blitz"]
[Site "Chess.com"]
[Date "2021.03.30"]
[Round "5"]
[White "Sergey85Rodchenkov"]
[Black "eljanov"]
[Result "1-0"]
[WhiteElo "2526"]
[BlackElo "2843"]
[TimeControl "180+1"]
[EndTime "10:56:50 PDT"]
[Termination "Sergey85Rodchenkov won on time"]

1. e4 c6 2. d4 d5 3. exd5 cxd5 4. c4 Nf6 5. Nc3 Nc6 6. Nf3 g6 7. cxd5 Nxd5 8. Bc4 Nxc3 9. bxc3 Bg7 10. O-O O-O 11. Re1 Qc7 12. Bb3 b6 13. Ba3 Rd8 14. Ng5 e6 15. Qg4 Na5 16. Rac1 h6 17. Nf3 Nxb3 18.
axb3 e5 19. Qg3 Be6 20. dxe5 Bxb3 21. Bd6 Qd7 22. Nd4 Be6 23. h4 h5 24. c4 Rdc8 25.
Nxe6 Qxe6 26. c5 bxc5 27. Rxc5 Rxc5 28. Bxc5 a5 29. Bd6 a4 30. Qf3 Rc8 31. g3 Bf8 32. Rd1 Qb3 33. Rd3 Qc4 34. Kg2 Qc6 35. Ra3 Qxf3+ 36.
Kxf3 Ra8 37. Ke4 Ra5 38. Bxf8 Kxf8 39. Kd4 Ke7 40. f4 Ke6 41. Kc4 Kf5 42. Kb4 Ra7 43.
Kb5 Kg4 44. Kb6 Re7 45. Kc6 Kh3 46. Kd6 Ra7 47. Kd5 Kg4 48. Kd6 Rb7 49. Kd5 Ra7 50. Kd6 Kf5 51. Kd5 Rd7+ 52. Kc6 Rd4 53. Kc5 Re4 54. Kd5 Rb4 55. Kc5 Rb3 56. Rxa4 Rxg3 57. Kd6 Rb3 58. Ke7 Rb7+ 59. Kf8 f6 60. Ra6 fxe5 61. fxe5 Rb5 62. e6 1-0

[Event "*** Titled Tuesday Blitz"]
[Site "Chess.com"]
[Date "2021.03.30"]
[Round "5"]
[White "ChelsieMonica"]
[Black "eldur16"]
[Result "0-1"]
[WhiteElo "2390"]
[BlackElo "2590"]
[TimeControl "180+1"]
[EndTime "10:56:50 PDT"]
[Termination "eldur16 won by resignation"]

1. c4 Nf6 2. Nf3 g6 3. g3 Bg7 4. Bg2 c6 5. O-O d5 6. cxd5 cxd5 7. d4 O-O 8. Nc3 Nc6 9. h3 Bf5 10. Be3 Ne4 11. Rc1 Nxc3 12. bxc3 Be4 13. Qb3 Na5 14. Qa4 Rc8 15. Nd2 Bxg2 16. Kxg2 b6 17. Rfd1 Qe8 18.
Qa3 Qd7 19. f4 Nc4 20. Nxc4 Rxc4 21. Bd2 Rfc8 22. Rb1 R8c7 23. Rb4 h5 24. Rxc4 Rxc4 25. Qb3 Qf5 26. h4 e6 27. Kf2 Bf8 28. Qb1 Qh3 29. Rh1 Qg4 30. Qd3 Qf5 31. Qxf5 gxf5 32. Ke3 Bd6 33.
Rb1 Kf8 34. Kd3 Ke8 35. Kc2 Kd7 36. Kb3 b5 37. a3 f6 38. Rf1 a5 39. Rf3 Be7 40. Rf1 Kc7 41. Rf3 Kc6 42. Re3 Kd7 43.
Rf3 Bd6 44. Rf1 Kc6 45. Rf3 Ra4 46. Bc1 Rc4 47. Bd2 b4 48. a4 Kd7 49. Rd3 bxc3 50.
Bxc3 Bc7 51. e3 Kc6 52. Bd2 Kd7 53. Bc3 Kc6 54. Bd2 e5 55. dxe5 fxe5 56. fxe5 Bxe5 57. Bxa5 Rc1 58. Bd8 Rg1 59. a5 Rxg3 60. a6 f4 61. Bg5 f3 62. Rd2 Rg2 63. Rd1 f2 64. Rf1 Bg3 65. a7 Kb7 66. Ra1 Ka8 67. Bf4 Bxf4 68. exf4 Rg1 69. Ra6 f1=Q 0-1

[Event "*** Titled Tuesday Blitz"]
[Site "Chess.com"]
[Date "2021.03.30"]
[Round "5"]
[White "MasterKroket"]
[Black "fyall777"]
[Result "1-0"]
[WhiteElo "2522"]
[BlackElo "2378"]
[TimeControl "180+1"]
[EndTime "10:56:50 PDT"]
[Termination "MasterKroket won on time"]

1. d4 Nf6 2. c4 e6 3. Nf3 Bb4+ 4.
Bd2 c5 5. Nc3 cxd4 6. Nxd4 Nc6 7.
Nxc6 dxc6 8. g3 e5 9. Bg2 Be6 10. Qb3 Qe7 11. a3 Ba5 12. Qa4 Bb6 13. Bxc6+ Kf8 14.
Nd5 Bxf2+ 15. Kxf2 Qc5+ 16. Ke1 Qxc6 17. Bb4+ Ke8 18.
Qxc6+ bxc6 19. Nc7+ Kd7 20. Nxa8 Bxc4 21. Rc1 Bd5 22.
Rf1 Rxa8 23. Bd2 Ke6 24. Rc5 Ne4 25. Ra5 Nd6 26. Be3 a6 27. Bc1 f5 28. Ra4 Bc4 29.
Rb4 a5 30. Rb6 Bd5 31. Bd2 h6 32. Bc3 Nc4 33. Rb7 g5 34. Rh7 f4 35. Rxh6+ Kf5 36. h3 Rb8 37. g4+ Ke4 38. Rg6 Nxb2 39. Bxb2 Rxb2 40.
Kf2 Bc4 41. Re1 f3 42. Rxg5 Bxe2 43. Kg3 Ke3 44. Rxe5+ Kd2 45. Ra1 Rb3 46. Kh4 f2 47. Rf5 Rf3 48. Ra2+ Ke1 49. Ra1+ Kd2 50. Ra2+ Kd3 51.
Ra1 Rxf5 52. gxf5 Ke4 53. Kg5 f1=Q 54. Rxf1 Bxf1 55. f6 Bc4 56. Kg6 Kf4 57. f7 Bxf7+ 58. Kxf7 c5 59. Ke6 Kg3 60. Kd5 Kxh3 61. Kxc5 Kg4 62.
Kb5 Kf5 63. Kxa5 Ke6 64. Kb6 Kd7 65. Kb7 Kd6 66. a4 Kc5 67. a5 Kb4 68. a6 1-0

[Event "*** Titled Tuesday Blitz"]
[Site "Chess.com"]
[Date "2021.03.30"]
[Round "5"]
[White "tandaleo"]
[Black "IljaJoke"]
[Result "0-1"]
[WhiteElo "2352"]
[BlackElo "2513"]
[TimeControl "180+1"]
[EndTime "10:56:51 PDT"]
[Termination "IljaJoke won on time"]

1. Nf3 d5 2. g3 g6 3. Bg2 Bg7 4.
O-O Nf6 5. c4 c6 6. b3 Ne4 7. d4 O-O 8. Bb2 Bf5 9. Nbd2 Qa5 10.
Nxe4 Bxe4 11. Qd2 Qxd2 12. Nxd2 Bxg2 13. Kxg2 a5 14. a3 a4 15. b4 Nd7 16. e4 e6 17. e5 b5 18. c5 f6 19. f4 f5 20.
Nf3 h6 21. Kf2 Kf7 22. Bc1 Rh8 23. Be3 Bf8 24. Ke2 Be7 25. h3 Rag8 26. Rg1 g5 27.
Rg2 gxf4 28. Bxf4 Nf8 29. Rag1 h5 30. h4 Rg4 31. Nh2 Rg6 32. Nf3 Nh7 33. Kf2 Rhg8 34. Nh2 Bf8 35. Kf3 Bh6 36. Kf2 Nf8 37. Kf3 Kg7 38.
Kf2 Kh7 39. Kf3 R6g7 40. Kf2 Ng6 41. Bxh6 Kxh6 42. Nf3 Nf8 43. Ng5 Rg6 44. Kf3 Kg7 45. Kf4 Nh7 46. Kf3 Nxg5+ 47. hxg5 Rxg5 48. Rh1 Kg6 49.
Rh4 Rg4 50. Rgh2 Rh8 51. Kf2 Kg5 52. Kf3 Rh6 53. Kf2 f4 54. Rxg4+ Kxg4 55. Rh4+ Kg5 56. Rxf4 h4 57. Rf8 h3 58. Kg1 h2+ 59. Kh1 Kg4 60. Rf6 Rh3 61. Rxe6 Kxg3 62. Rxc6 Kf4 63. Rf6+ Ke4 64.
e6 Kxd4 65. e7 Re3 0-1

[Event "*** Titled Tuesday Blitz"]
[Site "Chess.com"]
[Date "2021.03.30"]
[Round "5"]
[White "Aradhya2000"]
[Black "attack2mateU"]
[Result "1-0"]
[WhiteElo "2584"]
[BlackElo "2742"]
[TimeControl "180+1"]
[EndTime "10:56:52 PDT"]
[Termination "Aradhya2000 won on time"]

1. d4 Nf6 2. c4 g6 3. g3 d5 4.
cxd5 Nxd5 5. Bg2 Bg7 6. Nf3 Nb6 7. Bf4 Nc6 8. Nc3 O-O 9. e3 h6 10. h4 Bg4 11. Qb3 a5 12. a3 a4 13. Qc2 Nd5 14.
O-O-O Nxc3 15. bxc3 Qd5 16. e4 Qh5 17. Rd3 Na5 18.
Nd2 Be2 19. Re3 Nc4 20. Rxe2 Qxe2 21. Bf1 Qe1+ 22. Qd1 Qxd1+ 23. Kxd1 Nxd2 24. Kxd2 e5 25. Bxe5 Bxe5 26. dxe5 Rfd8+ 27. Kc2 Rd7 28. Bh3 Re7 29. f4 Rd8 30. Rb1 c6 31. Rb4 b5 32. c4 Rd4 33.
c5 Rxb4 34. axb4 a3 35. Kb3 Ra7 36. Ka2 Ra4 37. Bd7 Ra6 38. Bc8 Ra7 39. e6 fxe6 40. Bxe6+ Kg7 41. e5 Kf8 42. Bb3 Ke7 43. g4 Rd7 44.
Kxa3 Rd4 45. Bc2 Rxf4 46. Bxg6 Rxg4 47. h5 Rg5 48. Be4 Kd7 49. e6+ Kc7 50. Bg6 Re5 51. Bf7 Kd8 52. Kb3 Ke7 53. Kc3 Rg5 54. Kd3 Rg4 55. Kc3 Kf6 56. Be8 Kxe6 57. Bxc6 Rg5 58. Bxb5 Rxh5 59. Bc4+ Ke5 60. b5 Rh3+ 61. Kb4 Rh1 62. b6 Rb1+ 63. Bb3 Rg1 64. b7 Rg4+ 65. Bc4 1-0

[Event "*** Titled Tuesday Blitz"]
[Site "Chess.com"]
[Date "2021.03.30"]
[Round "5"]
[White "crazy_but_lazy"]
[Black "Cocaino74"]
[Result "0-1"]
[WhiteElo "2435"]
[BlackElo "2285"]
[TimeControl "180+1"]
[EndTime "10:56:52 PDT"]
[Termination "Cocaino74 won by checkmate"]

1. e4 c5 2. Nf3 Nc6 3. Bb5 g6 4. Bxc6 bxc6 5. d3 Bg7 6. O-O Nf6 7. c3 O-O 8. h3 Rb8 9. Re1 d6 10. Nbd2 Nh5 11. Nf1 e5 12. Qa4 Nf4 13. Rd1 Ne2+ 14.
Kh1 Nxc1 15. Rdxc1 Rxb2 16. Rc2 Qb6 17. Rac1 Rxc2 18.
Qxc2 Be6 19. c4 Rb8 20. Ne3 Bh6 21. Nd2 Bxe3 22. fxe3 Qb2 23. Nb3 Qxc2 24. Rxc2 f5 25. exf5 Bxf5 26. Rd2 Rb4 27. Kh2 Ra4 28. g4 Be6 29. Kg3 Ra3 30. Kf2 Kg7 31. Rb2 a5 32. Ke2 e4 33. Kd2 a4 34. Na5 Rxd3+ 35. Ke2 Rc3 36.
Rb7+ Kh6 37. Nxc6 Bxc4+ 38. Kf2 Rc2+ 39. Kg3 Re2 40. h4 g5 41. hxg5+ Kxg5 42. Rg7+ Kf6 43.
Rxh7 Rxe3+ 44. Kf4 Rf3+ 45. Kxe4 Bd3+ 46. Kxf3 Bxh7 47. Kf4 d5 48. g5+ Ke6 49. Ne5 a3 50. g6 Bg8 51. Nd3 c4 52. Nb4 d4 53. Kg5 d3 54. Nc6 d2 55. Nd4+ Kd5 56. Nf3 c3 57. Nxd2 cxd2 58. Kh6 d1=Q 59. Kg7 Be6 60. Kf8 Kd6 61.
g7 Bd5 62. g8=Q Bxg8 63. Kg7 Qe2 64. Kh8 Qxa2 65. Kg7 Qg2+ 66. Kh8 Be6 67. Kh7 Qg5 68. Kh8 Qg8# 0-1

[Event "*** Titled Tuesday Blitz"]
[Site "Chess.com"]
[Date "2021.03.30"]
[Round "5"]
[White "Zq1"]
[Black "Srisshhhtea"]
[Result "0-1"]
[WhiteElo "2540"]
[BlackElo "2356"]
[TimeControl "180+1"]
[EndTime "10:56:54 PDT"]
[Termination "Srisshhhtea won on time"]

1. d4 Nf6 2. c4 c5 3. Nf3 cxd4 4. Nxd4 d5 5. cxd5 Nxd5 6. e4 Nb6 7. Nc3 g6 8. Be3 Bg7 9. Be2 O-O 10. O-O N8d7 11. Rc1 Nf6 12. f3 Bd7 13. Qb3 e5 14. Ndb5 Be6 15.
Qb4 Re8 16. Rfd1 Bf8 17. Rxd8 Bxb4 18. Rxa8 Rxa8 19. Nc7 Rc8 20. Nxe6 fxe6 21. Nb5 Rxc1+ 22. Bxc1 Bc5+ 23. Kf1 a6 24. Nc3 Bd4 25. Bd3 Nfd7 26. Ke2 Kf7 27. Nd1 Nc5 28. Bc2 Nc4 29. b3 Nd6 30. Nb2 Nb5 31. Nd1 Nd7 32. a4 Na7 33. b4 b5 34. axb5 Nxb5 35. Bd3 Nb8 36. Bc4 Nd6 37. Kd3 Bg1 38. h3 Nc6 39. Bd2 Nb8 40. Ne3 Kf6 41. Ng4+ Ke7 42. Nxe5 Bb6 43. Bg5+ Kf8 44.
Bxe6 a5 45. bxa5 Bxa5 46. Nd7+ Nxd7 47. Bxd7 Kf7 48. Bc6 Ne8 49. Bd5+ Kf8 50. g4 Nc7 51. Bf4 Ne8 52. h4 Bd8 53. h5 Bf6 54. hxg6 hxg6 55.
g5 Bg7 56. Bb8 Ke7 57. f4 Ba1 58. Ba7 Nc7 59. Bc5+ Ke8 60. Kc4 Bb2 61. Bd6 Kd7 62.
Bc5 Bc1 63. f5 Bxg5 0-1

[Event "*** Titled Tuesday Blitz"]
[Site "Chess.com"]
[Date "2021.03.30"]
[Round "5"]
[White "scandalgod"]
[Black "albi1999"]
[Result "0-1"]
[WhiteElo "2442"]
[BlackElo "2612"]
[TimeControl "180+1"]
[EndTime "10:56:55 PDT"]
[Termination "albi1999 won on time"]

1. d4 Nf6 2. c4 e6 3. g3 d5 4.
Nf3 Bb4+ 5. Bd2 Bd6 6. Bg2 c6 7.
O-O Nbd7 8. Qb3 O-O 9. Bb4 Bxb4 10. Qxb4 a5 11. Qb3 b6 12. Nbd2 Ba6 13. Rac1 Rc8 14. Rfe1 c5 15. cxd5 Nxd5 16. a3 cxd4 17. Nxd4 Nc5 18.
Qf3 Qe7 19. Nc4 Rfd8 20. Ne5 Bb7 21. Red1 Rc7 22. Nb5 Rcc8 23. Na7 Rc7 24. Nb5 Rcc8 25. Na7 Ra8 26. Nac6 Qc7 27. Nxd8 Rxd8 28. Nd3 Nc3 29.
Qxb7 Qxb7 30. Bxb7 Nxe2+ 31. Kf1 Nxc1 32. Rxc1 Rxd3 33.
Be4 Rd4 34. Bf3 g5 35. Be2 Kg7 36. Ke1 f5 37. Rc3 Kf6 38. Bc4 e5 39. b4 axb4 40. axb4 Ne4 41. Rc2 Nd6 42. Be2 Rxb4 43. Rc6 Ke6 44.
Rc7 h6 45. Rh7 e4 46. Rxh6+ Ke5 47. Rh7 Rb1+ 48. Bd1 Rb2 49. Re7+ Kf6 50. Rd7 Nb5 51. Rb7 Nc3 52. Rc7 Nxd1 53. Kxd1 Rxf2 54. h4 gxh4 55.
gxh4 f4 56. Rc6+ Kf5 57. Rxb6 f3 58. Ke1 Rh2 59. h5 Kf4 60. h6 Rh1+ 61. Kd2 e3+ 62.
Kd3 e2 63. Rb4+ Kg5 0-1

[Event "*** Titled Tuesday Blitz"]
[Site "Chess.com"]
[Date "2021.03.30"]
[Round "5"]
[White "azikom"]
[Black "AttilaTurzo"]
[Result "1-0"]
[WhiteElo "2698"]
[BlackElo "2497"]
[TimeControl "180+1"]
[EndTime "10:56:57 PDT"]
[Termination "azikom won by resignation"]

1. d4 d5 2. Nf3 c6 3. Bf4 Qb6 4. b3 Bf5 5. e3 e6 6. Nbd2 Nf6 7. c4 a5 8. a3 Nbd7 9. Be2 Be7 10. O-O O-O 11. h3 Ne4 12. Nxe4 Bxe4 13. Nd2 Bg6 14. Bg3 c5 15. cxd5 exd5 16. Nf3 Bf6 17. Ra2 cxd4 18. Nxd4 Rac8 19. Bg4 Rcd8 20. a4 Ne5 21.
Be2 Nc6 22. Nb5 Be5 23. Bxe5 Nxe5 24. Rd2 Qc5 25. Qa1 Nc6 26. Rfd1 Nb4 27. Bf3 Rd7 28. Rc1 Qe7 29. Qd4 Nc6 30. Qc5 Rfd8 31. Qxe7 Nxe7 32.
Nd4 Be4 33. Bg4 f5 34. Be2 f4 35. exf4 Nf5 36. Nxf5 Bxf5 37. g4 Be6 38. f5 Bf7 39. Rc5 b6 40. Rc6 Rd6 41. Rc7 R8d7 42. Rxd7 Rxd7 43.
Bb5 Rd6 44. Rd4 Kf8 45. f3 Ke7 46. Kf2 Rd8 47. Ke3 Rc8 48. Rd3 Kd6 49. Kf4 Rc1 50. h4 Kc5 51. Rd2 d4 52. Re2 Bxb3 53. Re7 Kb4 54. Rxg7 Bc4 55. Bxc4 Rxc4 56. Rd7 d3+ 57. Ke3 Kxa4 58. f6 Rc8 59. g5 Kb4 60. Rxd3 a4 61. h5 Rc5 62. f4 a3 63. g6 hxg6 64. hxg6 Rc3 65. f7 a2 66. f8=Q+ Kb3 67. Rxc3+ Kxc3 68. Qf6+ 1-0

[Event "*** Titled Tuesday Blitz"]
[Site "Chess.com"]
[Date "2021.03.30"]
[Round "5"]
[White "Sam_ChessMood"]
[Black "Nesty_Javi_Chess"]
[Result "1-0"]
[WhiteElo "2866"]
[BlackElo "2617"]
[TimeControl "180+1"]
[EndTime "10:56:59 PDT"]
[Termination "Sam_ChessMood won by resignation"]

1. Nf3 Nf6 2. d4 g6 3. Nbd2 d5 4. e3 Bg7 5. b4 O-O 6. Be2 b6 7. O-O Bb7 8. Bb2 Nbd7 9. c4 c5 10. dxc5 bxc5 11. b5 e6 12. a4 Qe7 13. a5 Rac8 14. Qb3 Rfd8 15. Rfd1 Ne4 16. Bxg7 Kxg7 17. Nxe4 dxe4 18. Qb2+ Kg8 19. Nd2 Qg5 20. Nf1 Ne5 21.
Rxd8+ Rxd8 22. Qc3 Nf3+ 23. Kh1 Qh4 24. g3 Qh3 25. a6 Ba8 26. Rb1 e5 27. Qc2 Rd2 28. Qxd2 Nxd2 29. Nxd2 Qe6 30. Nb3 Qb6 31. Rd1 Kg7 32. Kg1 h5 33. Nc1 Qa5 34. Bf1 h4 35. Ne2 hxg3 36. hxg3 Qb4 37. Rd8 Qxc4 38. Rxa8 Qxb5 39. Rxa7 Qb6 40. Ra8 Qc6 41. Rd8 Qxa6 42. Rd1 Qb7 43. Rc1 Qb6 44. Nc3 Qb2 45. Ne2 Qa3 46. Rc3 Qb4 47. Kg2 f5 48. Rc1 Qa3 49. Rd1 Kh6 50. Rd7 c4 51. Rc7 Qb4 52. Rc6 Kg5 53. Nc1 f4 54. exf4+ exf4 55. gxf4+ Kxf4 56. Rxc4 Qa3 57. Nd3+ Kf5 58. Ne1 Qa8 59. Kg1 Qa5 60.
Ng2 Ke5 61. Ne3 Qe1 62. Rc2 Qa1 63. Re2 Kd4 64. Nc2+ Ke5 65. Nxa1 Kf4 66. Re3 1-0

[Event "*** Titled Tuesday Blitz"]
[Site "Chess.com"]
[Date "2021.03.30"]
[Round "5"]
[White "WinnieTPooh"]
[Black "Nachsueb"]
[Result "1-0"]
[WhiteElo "1980"]
[BlackElo "2147"]
[TimeControl "180+1"]
[EndTime "10:57:00 PDT"]
[Termination "WinnieTPooh won by resignation"]

1. d4 Nf6 2. c4 e6 3. g3 Bb4+ 4. Nd2 O-O 5. Bg2 d5 6. Qc2 Nc6 7. Nf3 Rb8 8. O-O a6 9. Rd1 Bxd2 10. Bxd2 dxc4 11. Qxc4 Ne7 12. Rac1 Ned5 13. Ne5 b5 14. Qc2 Bb7 15. e4 Nb6 16. Bb4 Re8 17. Nc6 Bxc6 18. Qxc6 Nc4 19. b3 Rb6 20. Qc5 Nd7 21. Qh5 Nf6 22.
Qc5 Nd7 23. Qh5 Nd6 24. e5 Nf5 25. Be4 g6 26. Qe2 Ne7 27. Qf3 Rb8 28. h4 h5 29. Kg2 Kg7 30. g4 hxg4 31. Qxg4 Nf5 32. h5 Rh8 33. hxg6 fxg6 34. Rh1 c5 35. dxc5 Nxe5 36.
Qf4 Nf7 37. Bc3+ e5 38. Bxe5+ Nxe5 39. Qxe5+ Qf6 40. Qxf6+ Kxf6 41. Bxf5 gxf5 42. Rxh8 Rxh8 43. c6 Ke6 44. c7 Kd7 45. Kf3 Rc8 46. Kf4 Ke6 47.
Rc6+ Kd5 48. Rxa6 Rxc7 49. Kxf5 Rf7+ 50. Rf6 Rc7 51. f4 Rc2 52. a4 b4 53. Rb6 Kc5 54. Rb5+ Kc6 55. Rxb4 Rc5+ 56. Ke4 Kd6 57. Rd4+ Ke6 58. b4 Rc1 59. a5 Ra1 60. Kf3 Kf6 61. Kg4 Rg1+ 62. Kh5 Rh1+ 63. Kg4 Rg1+ 64. Kf3 Rf1+ 65.
Ke4 Re1+ 66. Kd5 Ra1 67. Kc6 Ke6 68. Kb7 Rc1 69. a6 Ra1 70. a7 Kf6 71. a8=Q Rxa8 72. Kxa8 1-0

[Event "*** Titled Tuesday Blitz"]
[Site "Chess.com"]
[Date "2021.03.30"]
[Round "5"]
[White "Chesswizard_2007"]
[Black "chenrip"]
[Result "0-1"]
[WhiteElo "2683"]
[BlackElo "2483"]
[TimeControl "180+1"]
[EndTime "10:57:02 PDT"]
[Termination "chenrip won on time"]

1. d4 d5 2. c4 e5 3. dxe5 d4 4.
Nf3 Nc6 5. a3 Be6 6. Nbd2 Nge7 7. g3 Qd7 8. Bg2 O-O-O 9. O-O h6 10. b4 Ng6 11. Qa4 Kb8 12. c5 Ncxe5 13. Qxd7 Rxd7 14.
Bb2 Nxf3+ 15. Nxf3 d3 16. exd3 Rxd3 17. Rad1 Rxd1 18. Rxd1 Kc8 19. h4 c6 20. Rd2 Rg8 21.
Nd4 Bd7 22. Nb3 Be7 23. Na5 Be6 24. Bf1 Bf6 25. Bxf6 gxf6 26. Nc4 Nxh4 27. Nd6+ Kb8 28. Be2 Nf5 29. Nxf5 Bxf5 30. Rd6 Be6 31. Rd4 Kc7 32. Rh4 f5 33. Bf3 Rg6 34. Kg2 Kd7 35. a4 Bd5 36. Bxd5 cxd5 37. b5 a6 38. Kf3 axb5 39.
axb5 Ke6 40. Ra4 Ke5 41. Ra7 Kd4 42. Rxb7 Kxc5 43. Kf4 d4 44. Rxf7 Kxb5 45. Kxf5 Rd6 46. Ke4 d3 47. Rb7+ Kc6 48. Rb1 Kc5 49. Rc1+ Kb4 50.
Rd1 Kc3 51. Rc1+ Kd2 52. Ra1 Ke2 53. f4 d2 54. Ke5 Rc6 55. f5 Rc1 56. Ra2 Ke3 57.
Rxd2 Kxd2 58. f6 Rf1 59. Ke6 Ke3 60. Ke7 Kf3 61. f7 Kxg3 62. f8=Q Rxf8 63. Kxf8 h5 64.
Kg7 h4 65. Kf6 h3 66. Ke5 h2 67. Ke4 h1=Q+ 68. Ke3 Qh5 69. Kd4 Qf5 70. Kc4 Qe5 71.
Kb4 Qd5 72. Ka4 Qc5 73. Kb3 Kf3 74. Kb2 Qc4 0-1

[Event "*** Titled Tuesday Blitz"]
[Site "Chess.com"]
[Date "2021.03.30"]
[Round "5"]
[White "MF1966Idrisov"]
[Black "prachiti01"]
[Result "1/2-1/2"]
[WhiteElo "2358"]
[BlackElo "1999"]
[TimeControl "180+1"]
[EndTime "10:57:05 PDT"]
[Termination "Game drawn - insufficient material"]

1. Nf3 Nf6 2. b3 g6 3. Bb2 Bg7 4. c4 O-O 5. g3 d6 6. d4 Nc6 7.
Bg2 Bd7 8. O-O a6 9. Nc3 Rb8 10. Rc1 b5 11. c5 dxc5 12. dxc5 e5 13. Ng5 h6 14. Nge4 Nxe4 15. Nxe4 Qe7 16. a3 Rbd8 17. Qc2 Nd4 18. Bxd4 exd4 19. b4 Rfe8 20. f3 f5 21. Nf2 Qxe2 22. Qd3 Qxd3 23. Nxd3 Re3 24. Rcd1 Be6 25. f4 Bc4 26. Rf3 Rxf3 27. Bxf3 Kf7 28.
Bb7 Re8 29. Ne5+ Bxe5 30. fxe5 Rd8 31. Bxa6 Ke6 32. Bb7 Kxe5 33. Re1+ Kf6 34. Rd1 d3 35. Kf2 Rb8 36. Bg2 Re8 37. Bf1 Rd8 38. Ke3 Ke5 39.
Kd2 Kd4 40. Re1 Rd7 41. Re3 g5 42. Bxd3 f4 43. gxf4 gxf4 44. Rf3 Ke5 45. h3 c6 46. Kc3 Bxd3 47. Rxd3 Rxd3+ 48. Kxd3 Kd5 49. h4 h5 50. Ke2 Kc4 51. Kf3 Kb3 52. Kxf4 Kxa3 53. Ke5 Kxb4 54.
Kd6 Ka3 55. Kxc6 b4 56. Kd6 b3 57. c6 b2 58. c7 b1=Q 59. c8=Q Qd3+ 60. Ke5 Qe3+ 61.
Kf6 Qf4+ 62. Kg6 Qxh4 63. Qc3+ Ka4 64. Qc2+ Kb4 65. Qd2+ Kc5 66. Qc3+ Kd6 67. Qa3+ Kd7 68. Qa7+ Ke6 69. Qb6+ Ke5 70. Qc5+ Kf4 71. Qd4+ Kg3 72. Qg1+ Kf3 73. Qf1+ Ke3 74. Qg1+ Ke2 75. Qg2+ Kd3 76. Qf1+ Kd2 77. Qg2+ Ke3 78. Qg5+ Qxg5+ 79. Kxg5 h4 80. Kxh4 1/2-1/2

[Event "*** Titled Tuesday Blitz"]
[Site "Chess.com"]
[Date "2021.03.30"]
[Round "5"]
[White "Loy_Konstantin"]
[Black "korkmaz16"]
[Result "1-0"]
[WhiteElo "2328"]
[BlackElo "2476"]
[TimeControl "180+1"]
[EndTime "10:57:06 PDT"]
[Termination "Loy_Konstantin won by resignation"]

1. e4 e5 2. Nf3 Nc6 3. d4 exd4 4.
Nxd4 Bc5 5. Be3 Bxd4 6. Bxd4 Nxd4 7. Qxd4 Qf6 8. e5 Qb6 9. Qxb6 axb6 10. Nc3 c6 11. Bc4 f6 12. f4 d5 13. exd6 Bf5 14.
O-O-O O-O-O 15. Rhe1 b5 16. Be6+ Bxe6 17. Rxe6 Nh6 18.
h3 Rd7 19. Ne4 b6 20. g4 f5 21. Nf2 fxg4 22. hxg4 Rf8 23. f5 Nf7 24. Ne4 Kd8 25. f6 g6 26. g5 h6 27. gxh6 Nxh6 28. Rg1 Rg8 29. Ng5 Nf7 30. Ne4 g5 31. Re7 g4 32. Rg3 Nxd6 33. Rxd7+ Kxd7 34. Rd3 g3 35. Rxd6+ Kc7 36. Rd1 g2 37. Rg1 Kd7 38. Kd2 Ke6 39. Ke3 Kf5 40. Kf3 Re8 41. Ng3+ Kxf6 42. Rxg2 Rf8 43.
Rf2 Ke5+ 44. Ke3 Rg8 45. Ne2 Rh8 46. Rf3 c5 47. Rg3 Rh2 48. Rg6 b4 49. Rxb6 Kd5 50.
Rb8 Kc4 51. Kd2 Kd5 52. b3 Kd6 53. Rd8+ Kc6 54. Ra8 Kd5 55. a4 bxa3 56. Rxa3 Kc6 57. Ra4 Kb5 58. Rc4 Rg2 59. Re4 Rh2 60. Kc3 Rh3+ 61.
Kb2 Rh2 62. Nc1 Rd2 63. Nd3 Kb6 64. Re5 c4 65. bxc4 Rd1 66. Kc3 Rh1 67. Re6+ Kc7 68.
Kb4 Rh5 69. c5 Rh4+ 70. Kb5 Rh7 71. Nb4 Kb7 72. Rb6+ Ka7 73. Nc6+ 1-0

[Event "*** Titled Tuesday Blitz"]
[Site "Chess.com"]
[Date "2021.03.30"]
[Round "5"]
[White "UKR_Master"]
[Black "eCztery"]
[Result "1/2-1/2"]
[WhiteElo "2562"]
[BlackElo "2387"]
[TimeControl "180+1"]
[EndTime "10:57:10 PDT"]
[Termination "Game drawn - timeout vs insufficient material"]

1. e4 c5 2. Nf3 g6 3. Bc4 Bg7 4. O-O Nc6 5. c3 e6 6. Re1 d6 7. d4 cxd4 8. cxd4 Nge7 9. Nc3 O-O 10. a3 d5 11. exd5 exd5 12. Ba2 Bg4 13. Be3 Bxf3 14. Qxf3 Nxd4 15. Qd1 Ndf5 16. Nxd5 Nxd5 17. Bxd5 Bxb2 18. Rb1 Bc3 19. Bxb7 Bxe1 20. Bxa8 Nxe3 21. fxe3 Bd2 22. Bf3 Bxe3+ 23. Kh1 Qh4 24. Qe1 Bf2 25. Qe4 Qh6 26. Rf1 Bg3 27. h3 Rd8 28. Qe7 Qh4 29. Qxa7 Bf4 30.
Qf2 Bg3 31. Qe2 Qg5 32. Qe4 Be5 33. Qg4 Qe3 34. Qe4 Qg5 35. Qg4 Qe7 36. Qe4 Kg7 37.
Qe2 Qg5 38. g4 Rd2 39. Qe4 Rh2+ 40. Kg1 Rxh3 41. Bg2 Re3 42. Qd5 Qxg4 43. Qxf7+ Kh6 44. Qf8+ Bg7 45. Qf4+ Qxf4 46. Rxf4 Kg5 47. Rc4 Rxa3 48. Rc5+ Kh6 49. Kh2 Ra2 50. Rd5 Ra3 51. Rb5 Re3 52. Rd5 Be5+ 53. Kg1 Kg5 54. Kf2 Kf4 55. Rc5 Bd4 56.
Rd5 Bb6 57. Kf1 Re5 58. Rxe5 Kxe5 59. Bh3 Kf4 60. Kg2 h5 61. Be6 g5 62. Bf7 Kg4 63.
Be6+ Kh4 64. Bf7 g4 65. Be6 Kg5 66. Bd7 Kf4 67. Bc8 1/2-1/2

[Event "*** Titled Tuesday Blitz"]
[Site "Chess.com"]
[Date "2021.03.30"]
[Round "5"]
[White "GiorgianBarbosa"]
[Black "SilviusTiberius"]
[Result "0-1"]
[WhiteElo "2416"]
[BlackElo "2564"]
[TimeControl "180+1"]
[EndTime "10:57:10 PDT"]
[Termination "SilviusTiberius won on time"]

1. d4 Nf6 2. c4 e6 3. Nc3 d5 4. cxd5 exd5 5. Bg5 c6 6. e3 h6 7. Bh4 Be7 8. Bd3 O-O 9. Nge2 Re8 10. O-O Nbd7 11. Qc2 Nh5 12. Bxe7 Qxe7 13. Rae1 Nf8 14. Bf5 g6 15. Bxc8 Raxc8 16. a3 Ne6 17. Qd3 Qd6 18. f3 c5 19. dxc5 Qxc5 20. Nd4 Nxd4 21. Qxd4 Qxd4 22. exd4 Nf6 23. Re5 Red8 24. Re7 Rb8 25. Rfe1 a6 26. Rc7 Ne8 27. Rc5 Nf6 28. Re7 b6 29. Rcc7 Rf8 30.
Kf2 b5 31. Rc6 b4 32. axb4 Kg7 33. Rxa6 Rxb4 34. Rd6 Rxb2+ 35. Re2 Rxe2+ 36. Kxe2 Ra8 37. Nxd5 Ra2+ 38. Kf1 Nh5 39. g4 Ra1+ 40. Kg2 Ra2+ 41.
Kh3 Ra3 42. gxh5 Rxf3+ 43. Kg4 Rf2 44. hxg6 Rxh2 45. gxf7 Kxf7 46. Kf5 Rh5+ 47. Ke4 Rh4+ 48. Nf4 Ke7 49. Ke5 Rh1 50. Re6+ Kf7 51. d5 Re1+ 52. Kf5 Rf1 53. Rxh6 Ra1 54. Rh7+ Kg8 55. Rb7 Rg1 56. d6 Rd1 57. Ke6 Kf8 58. Nd5 Re1+ 59. Kd7 Kf7 60.
Rb8 Ra1 61. Nc7 Rc1 62. Re8 Rc2 63. Re4 Rf2 64. Re7+ Kf8 65. Ne6+ Kg8 66. Rg7+ Kh8 67. Rg4 Ra2 68. Ke7 Rf2 69. d7 Rd2 70. d8=Q+ Kh7 0-1

[Event "*** Titled Tuesday Blitz"]
[Site "Chess.com"]
[Date "2021.03.30"]
[Round "5"]
[White "Balla_Tamas"]
[Black "abykhovsky"]
[Result "1-0"]
[WhiteElo "2531"]
[BlackElo "2709"]
[TimeControl "180+1"]
[EndTime "10:57:14 PDT"]
[Termination "Balla_Tamas won by resignation"]

1. e4 c5 2. Nf3 a6 3. c3 e6 4. d4 d5 5. e5 Bd7 6. Be3 cxd4 7. cxd4 Bb5 8. Bd3 Nc6 9. Nc3 Bxd3 10. Qxd3 Nge7 11. O-O Nf5 12. Rfc1 Be7 13. a3 Na5 14. Nd2 O-O 15. b4 Nc6 16. Na4 f6 17. exf6 Bxf6 18. Nf3 Qe7 19. Nc5 Rad8 20. Ra2 Nd6 21. Re2 Nc4 22. Rce1 Qf7 23. Bf4 e5 24. Bxe5 N6xe5 25. dxe5 Be7 26. e6 Qh5 27. Nd7 Rf4 28.
Nfe5 b5 29. Qxd5 Nxe5 30. Qxe5 Qxe5 31. Rxe5 Rd4 32. R5e4 Rd3 33. R4e3 Rd4 34. Kf1 Rc8 35. f3 Rc2 36. R3e2 Rc3 37. Re3 Rc2 38. R1e2 Rc1+ 39. Kf2 Rdd1 40. Re1 Rc2+ 41. R3e2 Rxe1 42. Kxe1 Rc1+ 43.
Kf2 Rc3 44. Nc5 a5 45. Ne4 Rxa3 46. bxa5 Rxa5 47. Nc3 b4 48. Ne4 b3 49. Rb2 Rb5 50. Nd2 Bc5+ 51. Ke2 Rb6 52. Rxb3 Rxe6+ 53. Ne4 Be7 54.
Rb8+ Kf7 55. Rb7 h6 56. Kd3 Ra6 57. Nc3 Rd6+ 58. Ke4 Re6+ 59. Kd4 Rd6+ 60. Nd5 Re6 61. Rxe7+ Rxe7 62. Nxe7 Kxe7 63. Ke5 Kf7 64. h4 h5 65. g4 hxg4 66. fxg4 Ke7 67. Kf5 Kf7 68. Kg5 Kf8 69. Kg6 Kg8 70. h5 Kh8 71. Kf7 Kh7 72. g5 Kh8 73.
Kf8 Kh7 74. Kf7 Kh8 75. h6 gxh6 76. g6 1-0